 Dungeon Crawl Stone Soup version 0.19.5 (webtiles) character file.

2895 Hybris the Carver (level 9, -3/85 HPs)
             Began as a Hill Orc Fighter on Apr 2, 2017.
             Was a Follower of Beogh.
             Slain by an orc warrior
             ... wielding a +0 dire flail of holy wrath
              (22 damage)
             ... on level 8 of the Dungeon.
             The game lasted 00:17:51 (8399 turns).

Hybris the Carver (Hill Orc Fighter)                Turns: 8399, Time: 00:17:52

Health: -3/85      AC: 11    Str: 22      XL:     9   Next: 77%
Magic:  9/9        EV:  7    Int:  8      God:    Beogh [*.....]
Gold:   443        SH:  9    Dex:  9 (10) Spells: 0 memorised, 8 levels left

rFire  . . .     SeeInvis +     a - +0 long sword
rCold  . . .     Gourm    .     H - +0 scale mail
rNeg   . . .     Faith    .     c - +0 shield
rPois  .         Spirit   .     m - +0 helmet
rElec  .         Reflect  .     n - +2 cloak
rCorr  .         Harm     .     (no gloves)
MR     .....                    (no boots)
Stlth  +.........               (no amulet)
                                q - ring of see invisible
                                p - ring of stealth

@: lethally poisoned (-3 -> -4)
A: no striking features
a: Renounce Religion


You were on level 8 of the Dungeon.
You worshipped Beogh.
Beogh was aware of your devotion.
You were very hungry.

You visited 1 branch of the dungeon, and saw 9 of its levels.
You also visited: Sewer.

You collected 443 gold pieces.

Inventory:

Hand Weapons
 a - a +0 long sword (weapon)
Armour
 c - a +0 shield (worn)
 m - a +0 helmet (worn)
 n - a +2 cloak (worn)
 C - a +0 plate armour
 H - a +0 scale mail (worn)
Jewellery
 p - a ring of stealth (left hand)
 q - a ring of see invisible (right hand)
Wands
 x - a wand of slowing (23/48)
 D - a wand of digging (20/24)
Scrolls
 g - 8 scrolls of identify
 j - 3 scrolls of fear
 l - a scroll of random uselessness {unknown}
 o - a scroll of brand weapon {unknown}
 r - 2 scrolls of teleportation
 w - 3 scrolls of remove curse
 y - 4 scrolls of magic mapping
 A - 2 scrolls of recharging
 B - a scroll of noise {unknown}
 G - a scroll of summoning
 J - a scroll of immolation {unknown}
Potions
 b - a potion of magic {unknown}
 e - a potion of flight {unknown}
 h - 2 potions of ambrosia
 i - 2 potions of mutation {unknown}
 k - 3 potions of degeneration {unknown}
 s - 3 potions of curing
 u - 4 potions of berserk rage {unknown}
 v - a potion of haste {unknown}
 z - a potion of lignification {unknown}
 E - 3 potions of agility {unknown}
 I - a potion of brilliance {unknown}
Comestibles
 f - 4 bread rations
 t - a beef jerky
 F - a meat ration


   Skills:
 + Level 9.9 Fighting
 * Level 11.7 Long Blades
 - Level 3.2 Armour
 - Level 3.2 Shields


You had 8 spell levels left.
You didn't know any spells.

Dungeon Overview and Level Annotations

Branches:
Dungeon (9/15)             Temple (0/1) D:4
   Lair: D:8-11         Orc: D:9-12

Altars:
Cheibriados
Fedhas
Gozag
Hepliaklqana
Kikubaaqudgha
Nemelex Xobeh
Okawaru
Ru
Sif Muna
Yredelemnul
Zin


Message History

* * * LOW HITPOINT WARNING * * *
You feel much better.
You feel sick. You block the orc warrior's attack.
You are feeling very hungry.
You slash the orc warrior!
The orc warrior is almost dead.
Your shield and scale mail prevent you from hitting the orc warrior.
The orc warrior is almost dead.
The orc warrior hits you with a dire flail of holy wrath!
* * * LOW HITPOINT WARNING * * *
The orc priest calls upon Beogh to heal the orc warrior.
The orc warrior is healed somewhat.
You hit the orc warrior.
The orc warrior is almost dead.
The orc warrior hits you with a dire flail of holy wrath.
* * * LOW HITPOINT WARNING * * *
You hit the orc warrior but do no damage.
The orc warrior is almost dead.
The orc warrior hits you with a dire flail of holy wrath!!
You die...
Beogh appreciates the orc warrior's killing of a heretic priest.

#### ##.. #+##... #...
##...... #... #.......
.###... ##.......
....... ###........
#..... ####....)...##
.#.P.P.#####..........##
...._.oo@.............#
##.P.P.##)...........##
#..... #.........##+#
#....# #......#### ###?.
#....### ##< #...## #
#...# #..## #..#


You could see an orc warrior and an orc priest.

Vanquished Creatures
  Pikel (D:5)
  The ghost of Hybris the Slasher, a novice HOFi (D:5)
  Duvessa (D:5)
  A water moccasin (D:5)
  The ghost of Hybris the Skirmisher, an amateur HOFi (Sewer)
  A phantom (D:3)
  An ice beast (D:3)
  3 ogres
  2 bullfrogs (D:6)
  Dowan (D:5)
  2 scorpions
  A howler monkey (D:5)
  4 crimson imps
  A bullfrog zombie (D:6)
  A quasit (D:8)
  2 centaur skeletons
  A jelly (D:5)
  2 orc priests
  A gnoll shaman (D:6)
  6 orc wizards
  An iguana (D:6)
  8 worker ants
  A worker ant zombie (D:5)
  9 gnolls
  8 adders
  2 oozes
  4 worms
  4 dart slugs
  2 leopard geckos
  21 orcs
  8 bats
  A giant cockroach (D:3)
  10 hobgoblins
  8 jackals (Sewer)
  13 kobolds
  A quokka (D:3)
  7 ball pythons
  7 frilled lizards
  7 goblins
  A jackal skeleton (D:9)
  A quokka skeleton (D:4)
  7 rats
  2 plants (Sewer)
167 creatures vanquished.

Vanquished Creatures (others)
  2 slaves (D:5)
  An ogre (D:5)
  An iguana (D:5)
  A worker ant (D:5)
  An orc (D:3)
6 creatures vanquished.

Grand Total: 173 creatures vanquished

Notes
Turn   | Place    | Note
-------+----------+-------------------------------------------
     0 | D:1      | Hybris the Hill Orc Fighter began the quest for the Orb.
     0 | D:1      | Reached XP level 1. HP: 19/19 MP: 1/1
   130 | D:1      | Reached XP level 2. HP: 26/27 MP: 2/2
   228 | D:1      | Reached skill level 3 in Long Blades
   701 | D:1      | Reached XP level 3. HP: 30/33 MP: 3/3
  1051 | D:2      | Found a blossoming altar of Fedhas.
  1101 | D:2      | Found a sparkling altar of Nemelex Xobeh.
  1309 | D:2      | Reached skill level 4 in Long Blades
  1309 | D:2      | Reached XP level 4. HP: 25/41 MP: 4/4
  1870 | D:2      | Found a deep blue altar of Sif Muna.
  1942 | D:2      | Found a sacrificial altar of Ru.
  2235 | D:3      | Reached XP level 5. HP: 36/47 MP: 5/5
  2245 | D:3      | Reached skill level 5 in Fighting
  2329 | D:3      | Found a glowing drain.
  2393 | Sewer    | Entered a sewer
  2393 | Sewer    | Noticed Hybris's ghost (amateur HOFi)
  2403 | Sewer    | Killed Hybris's ghost
  2403 | Sewer    | Reached skill level 5 in Long Blades
  2403 | Sewer    | Reached XP level 6. HP: 27/56 MP: 6/6
  3392 | D:3      | Found a snail-covered altar of Cheibriados.
  3451 | D:3      | Reached skill level 6 in Long Blades
  3539 | D:3      | Became a worshipper of Beogh the Brigand
  3888 | D:4      | Noticed an ice beast
  3888 | D:4      | Noticed a phantom
  3916 | D:3      | Killed an ice beast
  4230 | D:3      | Killed a phantom
  4230 | D:3      | Reached skill level 7 in Long Blades
  4230 | D:3      | Reached XP level 7. HP: 15/63 MP: 7/7
  4958 | D:4      | Found a glowing silver altar of Zin.
  5142 | D:4      | Found a staircase to the Ecumenical Temple.
  6002 | D:5      | Entered Level 5 of the Dungeon
  6004 | D:5      | Noticed Pikel
  6023 | D:5      | Killed Pikel
  6023 | D:5      | Reached skill level 9 in Long Blades
  6023 | D:5      | Reached XP level 8. HP: 36/74 MP: 8/8
  6276 | D:5      | Found an iron altar of Okawaru.
  6419 | D:5      | Noticed Duvessa
  6419 | D:5      | Noticed Dowan
  6437 | D:5      | Killed Duvessa
  6457 | D:5      | Killed Dowan
  6459 | D:5      | Reached * piety under Beogh
  6485 | D:5      | Found an opulent altar of Gozag.
  6595 | D:5      | Reached skill level 10 in Long Blades
  6680 | D:5      | Noticed Hybris's ghost (novice HOFi)
  6706 | D:5      | Killed Hybris's ghost
  6706 | D:5      | Reached XP level 9. HP: 51/82 MP: 9/9
  7311 | D:6      | Reached skill level 11 in Long Blades
  7585 | D:6      | Found a hazy altar of Hepliaklqana.
  7692 | D:6      | Found an ancient bone altar of Kikubaaqudgha.
  7742 | D:6      | Got an encrusted flail
  7743 | D:6      | Identified the cursed +0 flail of the Genius {speed, rC+ rN+} (You found it on level 6 of the Dungeon)
  8247 | D:7      | You fall through a shaft for 2 floors!
  8368 | D:8      | Found a basalt altar of Yredelemnul.
  8399 | D:8      | Slain by an orc warrior

Skill      XL: |  1  2  3  4  5  6  7  8  9 |
---------------+----------------------------+-----
Fighting       | 4 5 6 7 8 9 |  9.9
Long Blades    | 3 4 5 7 9 10 11 | 11.7
Armour         | |  3.2
Shields        | |  3.2

Action                   |  1- 3 |  4- 6 |  7- 9 || total
-------------------------+-------+-------+-------++-------
Melee: Long sword        |   125 |   301 |   393 ||   819
Invok: Convert to Beogh  |       |     1 |       ||     1
  Use: Scroll            |       |     4 |     6 ||    10
       Potion            |       |     6 |     4 ||    10
  Eat: Chunk             |     1 |     9 |     8 ||    18
       Fruit             |       |     1 |     1 ||     2
       Meat ration       |       |       |     1 ||     1
Armor: Scale mail        |    71 |   111 |    90 ||   272
       Plate armour      |       |       |    96 ||    96
Dodge: Dodged            |    37 |    74 |    98 ||   209
Block: Shield            |    78 |   136 |   189 ||   403
       Rpst.: Long sword |    10 |    22 |    25 ||    57
